 Dungeon Crawl Stone Soup version 0.22-a0-538-g76cc104 (webtiles) character file.

1936 inc the Thaumaturge (level 9, -9/57 HPs)
             Began as an Octopode Earth Elementalist on June 23, 2018.
             Mangled by a two-headed ogre
             ... wielding a +0 giant club
              (26 damage)
             ... on level 7 of the Dungeon.
             The game lasted 00:15:56 (6509 turns).

inc the Thaumaturge (Octopode Earth Elementalist)   Turns: 6509, Time: 00:15:57

Health: -9/57      AC:  1    Str:  7    XL:     9   Next: 17%
Magic:  19/22      EV: 13    Int: 20    God:
Gold:   373        SH:  0    Dex: 13    Spells: 21/27 levels left

rFire    . . .     SeeInvis .   d - +3 hand axe (drain)
rCold    . . .     Gourm    .   (no shield)
rNeg     . . .     Faith    .   (helmet restricted)
rPois    .         Spirit   .   (no amulet)
rElec    .         Reflect  .   (no ring)
rCorr    .         Harm     .   (no ring)
MR       .....                  (no ring)
Stlth    +++.......             (no ring)
HPRegen  0.19/turn              (no ring)
MPRegen  0.18/turn              (no ring)
                                (no ring)
                                (no ring)

@: no status effects
A: almost no armour, stealthy swim, amphibious, 8 rings, constrict 8, camouflage
1, gelatinous body 1
a: no special abilities


You were on level 7 of the Dungeon.
You were not hungry.

You visited 1 branch of the dungeon, and saw 7 of its levels.
You also visited: Sewer.

You collected 373 gold pieces.

Inventory:

Hand Weapons
 d - a +3 hand axe of draining (weapon)
 l - a +0 dagger of holy wrath
Missiles
 e - 31 stones (quivered)
Jewellery
 i - an uncursed ring of ice
 k - an uncursed ring of fire
 n - a +3 ring of dexterity {unknown}
 s - an uncursed ring of teleportation
Wands
 g - a wand of enslavement (18)
Scrolls
 a - 8 scrolls of teleportation
 b - a scroll of fog
 j - a scroll of remove curse
 p - a scroll of fear
Potions
 f - 2 potions of heal wounds
 h - a potion of might
 m - a potion of agility
 o - a potion of magic {unknown}
 q - a potion of mutation
 r - a potion of lignification
Comestibles
 c - 9 rations
 t - a chunk of flesh


   Skills:
 - Level 3.2 Fighting
 - Level 2.0 Dodging
 - Level 2.6 Stealth
 - Level 9.7 Spellcasting
 - Level 8.7 Conjurations
 - Level 1.0 Transmutations
 + Level 6.3 Earth Magic


You had 21 spell levels left.
You knew the following spells:

 Your Spells              Type           Power        Failure   Level  Hunger
a - Sandblast             Erth           #####.       1%          1    None
b - Stone Arrow           Conj/Erth      #####.       1%          3    None
f - Passwall              Tmut/Erth      ###.....     2%          2    None

Your spell library contained the following spells:

 Spells                   Type           Power        Failure   Level  Hunger
 Lee's Rapid Deconstruct  Erth           #####.....   14%         5    #####..
 Petrify                  Tmut/Erth      ###.....     16%         4    ##.....


Dungeon Overview and Level Annotations

Branches:
Dungeon (7/15)
 Temple: D:4-7

Altars:
Zin

Shops:
D:6 *((

Annotations:
D:4 Grinder
D:5 1 runed door, junkhipster's ghost, novice GrFi


Innate Abilities, Weirdness & Mutations

You cannot wear most types of armour.
You are very stealthy in the water. (Stealth+)
You are amphibious.
You can wear up to eight rings at the same time.
You can use your tentacles to constrict eight enemies at once.
Your skin changes colour to match your surroundings (Stealth+).
Your rubbery body absorbs attacks. (AC +1, EV +1)


Message History

Aim: a two-headed ogre, wielding a giant club and a giant spiked club The stone arrow misses the two-headed ogre.
Casting: Stone Arrow (safe; 1% risk of failure)
Confirm with . or Enter, or press ? or * to list all spells.
Aiming: Stone Arrow (safe; 1% risk of failure)
Press: ? - help, Shift-Dir - straight line, f/p - two-headed ogre
Aim: a two-headed ogre, wielding a giant club and a giant spiked club The stone arrow hits the two-headed ogre.
The two-headed ogre is moderately wounded.
Things that are here:
a shortbow; 21 arrows
Casting: Stone Arrow (safe; 1% risk of failure)
Confirm with . or Enter, or press ? or * to list all spells.
Aiming: Passwall (safe; 2% risk of failure)
Press: ? - help, Dir - move target cursor, p - two-headed ogre A rock wall.
The two-headed ogre hits you with a giant club!!
* * * LOW HITPOINT WARNING * * *
The two-headed ogre hits you with a giant spiked club!!
You die...

#.........###.##### #.#
#.................# #.#
#.................# #.#
########..........# #.#
#####..........###'########
#..........###.##....#....#
#.#...O....# #..'..).#.##.#
#.#.##########..#.......#.#
#.#........O@#..#.....#.#.#
###).....#####.#..+.....#.#.#
#........# ..#.##.......#.###
####.....#
.#.#.##########.... ###.....#
#.###.# #......... #.......#
# .. #......... #.##....#
#......... #.##....#####
#......?.. #.##........#
#.........


You could see a two-headed ogre.

Vanquished Creatures
  Menkaure (D:5)
  An orc warrior (D:6)
  An ice beast (D:7)
  A sky beast (D:6)
  An ogre (D:5)
  A phantom (D:7)
  2 centaurs
  2 bullfrogs
  A scorpion (D:6)
  A crimson imp (D:5)
  A bullfrog zombie (D:6)
  2 orc priests (D:6)
  4 orc wizards
  A hound (D:6)
  A centaur skeleton (D:5)
  A bullfrog skeleton (D:5)
  An iguana (D:6)
  5 worker ants
  A howler monkey zombie (D:5)
  A howler monkey skeleton (D:6)
  4 river rats (Sewer)
  10 adders
  3 shadow imps
  An ooze (D:1)
  A worm (D:2)
  A dart slug (D:2)
  3 leopard geckos
  10 orcs
  3 giant cockroaches
  5 goblins
  4 hobgoblins
  7 jackals
  4 kobolds
  5 quokkas
  5 ball pythons
  7 bats
  12 frilled lizards
  12 rats
127 creatures vanquished.

Notes
Turn   | Place    | Note
-------+----------+-------------------------------------------
     0 | D:1      | inc the Octopode Earth Elementalist began the quest for the Orb.
     0 | D:1      | Reached XP level 1. HP: 11/11 MP: 3/3
   172 | D:1      | Reached XP level 2. HP: 9/17 MP: 5/5
   903 | D:2      | Reached XP level 3. HP: 13/21 MP: 3/6
  1212 | D:2      | Reached XP level 4. HP: 27/27 MP: 5/7
  1542 | D:2      | Reached skill level 5 in Earth Magic
  2385 | D:4      | Reached skill level 3 in Spellcasting
  2385 | D:4      | Reached XP level 5. HP: 22/31 MP: 2/9
  2468 | D:4      | Noticed Grinder
  2473 | D:5      | Entered Level 5 of the Dungeon
  2560 | D:5      | Found a runed door.
  2560 | D:5      | Noticed junkhipster's ghost (novice GrFi)
  2600 | D:5      | Noticed Menkaure
  2603 | D:5      | Noticed an ogre
  2617 | D:5      | Killed Menkaure
  2617 | D:5      | Reached skill level 4 in Spellcasting
  2617 | D:5      | Reached XP level 6. HP: 21/36 MP: 6/13
  2791 | D:5      | Reached skill level 5 in Spellcasting
  3122 | D:5      | Learned a level 2 spell: Passwall
  3126 | D:5      | Learned a level 3 spell: Stone Arrow
  3306 | D:5      | Reached skill level 9 in Spellcasting
  3306 | D:5      | Reached XP level 7. HP: 37/41 MP: 13/20
  3912 | D:5      | Reached skill level 1 in Fighting
  3912 | D:5      | Reached XP level 8. HP: 48/48 MP: 3/21
  4560 | D:6      | Found Rokkepuk's Antique Weapon Emporium.
  4661 | D:6      | Found Asumo's Antique Weapon Emporium.
  4806 | D:6      | Found a glowing drain.
  4813 | Sewer    | Entered a sewer
  5261 | D:6      | Found a glowing silver altar of Zin.
  5262 | D:6      | Found Zin's Purification Station.
  6150 | D:7      | Reached XP level 9. HP: 57/57 MP: 12/22
  6436 | D:7      | Noticed a two-headed ogre
  6509 | D:7      | Mangled by a two-headed ogre

Vault maps used:
D:1:      arrival_zaba_pyramid
D:4:      temple_statues, first_ration, serial_shops, shop_coins,
          nicolae_shop_temple_entry_statues_fountains, uniq_grinder,
          uniq_sigmund
D:5:      gammafunk_ghost_grave, uniq_menkaure
D:6:      zin_purify, serial_shops, nicolae_shop_trees, kennysheep_mini_moat,
          portal_sewer_entry_e, st_stairs_13
Sewer:    sewer_co_cracked_pipes

Skill      XL: |  1  2  3  4  5  6  7  8  9 |
---------------+----------------------------+-----
Earth Magic    | 4 5 6 |  6.3
Spellcasting   | 3 4 9 |  9.7
Conjurations   | 8 |  8.7
Fighting       | 1 3 |  3.2
Dodging        | |  2.0
Stealth        | |  2.6
Transmutations | |  1.0

Action                   |  1- 3 |  4- 6 |  7- 9 || total
-------------------------+-------+-------+-------++-------
Melee: Hand axe          |    25 |    34 |    42 ||   101
       Constrict         |     6 |     8 |     9 ||    23
       Tentacles         |     4 |     3 |     6 ||    13
 Cast: Sandblast         |     8 |    42 |     2 ||    52
       Stone Arrow       |       |     2 |    82 ||    84
       Passwall          |       |       |     2 ||     2
  Use: Potion            |       |     2 |     1 ||     3
       Scroll            |       |     6 |     7 ||    13
 Stab: Sleeping          |     3 |     9 |     6 ||    18
  Eat: Chunk             |     1 |     7 |     9 ||    17
Armor: Skin              |     4 |     3 |     1 ||     8
Dodge: Dodged            |    14 |    37 |    46 ||    97

Table legend:
 A = Spawn XP
 B = Non-spawn XP
 C = Spawn XP percentage of total XP
 D = Spawn monster count
 E = Non-spawn monster count
 F = Spawn count percentage of total count
 G = Total turns spent on level
                    A         B        C        D         E        F      G
               +---------+---------+-------+---------+---------+-------+---------
         Total |       0 |    2235 |   0.0 |       0 |     127 |   0.0 |  6509
               +---------+---------+-------+---------+---------+-------+---------
           D:1 |       0 |      22 |   0.0 |       0 |      10 |   0.0 |   868
           D:2 |       0 |      81 |   0.0 |       0 |      19 |   0.0 |   863
           D:3 |       0 |      34 |   0.0 |       0 |      14 |   0.0 |   523
           D:4 |       0 |      48 |   0.0 |       0 |       2 |   0.0 |   219
           D:5 |       0 |     563 |   0.0 |       0 |      25 |   0.0 |  2068
           D:6 |       0 |     923 |   0.0 |       0 |      33 |   0.0 |  1230
           D:7 |       0 |     481 |   0.0 |       0 |       5 |   0.0 |   362
         Sewer |       0 |      83 |   0.0 |       0 |      19 |   0.0 |   376
               +---------+---------+-------+---------+---------+-------+---------
